 Dungeon Crawl Stone Soup version 0.20-b1 (webtiles) character file.

97 turnburgler the Magician (level 4, 0/33 HPs)
             Began as a Demonspawn Wanderer on May 19, 2017.
             Was an Initiate of Kikubaaqudgha.
             Slain by an adder (1 damage)
             ... on level 3 of the Dungeon.
             The game lasted 00:39:34 (4309 turns).

turnburgler the Magician (Demonspawn Wanderer)      Turns: 4309, Time: 00:39:35

Health: 0/33       AC: 12    Str: 12    XL:     4   Next: 42%
Magic:  7/7        EV:  3    Int: 13    God:    Kikubaaqudgha [......]
Gold:   96         SH:  0    Dex: 14    Spells: 5/8 levels left

rFire    . . .     SeeInvis .   D - -1 hand axe (curse)
rCold    . . .     Gourm    .   (no shield)
rNeg     . . .     Faith    +   x - +0 plate armour
rPois    .         Spirit   .   (no helmet)
rElec    .         Reflect  .   (no cloak)
rCorr    .         Harm     .   (no gloves)
MR       .....                  (no boots)
Stlth    ..........             v - amulet of faith
Regen    0.2/turn               (no ring)
MPRegen  0.1/turn               (no ring)

@: lethally poisoned (0 -> -9)
A: talons 1, slimy green scales 1, demonic guardian 1
a: Renounce Religion


You were on level 3 of the Dungeon.
You worshipped Kikubaaqudgha.
Kikubaaqudgha was noncommittal.
You were near starving.

You visited 1 branch of the dungeon, and saw 3 of its levels.

You collected 96 gold pieces.

Inventory:

Hand Weapons
 c - a cursed -3 flail
 e - a +0 dagger
 h - a +0 short sword
 j - a +0 dagger
 m - a +0 club
 p - a +0 club
 s - a +0 club
 w - a +0 short sword
 D - a cursed -1 hand axe (weapon)
Missiles
 i - 65 stones (quivered)
 l - 20 sling bullets
 t - 19 arrows
 A - 18 poisoned needles
 I - 24 bolts
Armour
 d - a +0 robe
 k - a +0 ring mail
 o - a +0 leather armour
 x - a +0 plate armour (worn)
 G - a +0 ring mail
Jewellery
 v - an amulet of faith (around neck)
 H - an uncursed amulet of rage {unknown}
Scrolls
 q - a scroll of recharging
 r - 3 scrolls of identify
 u - a scroll of teleportation
 y - 2 scrolls of fear
 B - 2 scrolls of remove curse {unknown}
Books
 a - a book of Geomancy

   Spells                             Type                      Level
   a - Sandblast                      Earth                        1
   b - Passwall                       Transmutation/Earth          2
   c - Stone Arrow                    Conjuration/Earth            3
   d - Petrify                        Transmutation/Earth          4
   e - Lee's Rapid Deconstruction     Earth                        5
 b - the Collected Works on Transformation

   Spells                             Type                      Level
   a - Passwall                       Transmutation/Earth          2
   b - Sticks to Snakes               Transmutation                2
Comestibles
 f - 4 bread rations
 C - 2 royal jellies
 E - 2 meat rations


   Skills:
 * Level 2.0 Fighting
 - Level 1.5 Short Blades
 + Level 0.0 Axes
 - Level 1.0 Throwing
 + Level 0.1 Armour
 - Level 2.0 Dodging
   Level 1.0 Shields
 - Level 1.7 Unarmed Combat
 + Level 2.6 Spellcasting
 - Level 1.1 Necromancy
 - Level 1.7 Transmutations


You had 5 spell levels left.
You knew the following spells:

 Your Spells              Type           Power        Failure   Level  Hunger
a - Sandblast             Erth           #.....       100%        1    #......
b - Sticks to Snakes      Tmut           #.......     100%        2    ###....


Dungeon Overview and Level Annotations

Branches:
Dungeon (3/15)

Altars:
Elyvilon
Kikubaaqudgha
The Shining One


Innate Abilities, Weirdness & Mutations

You have sharp toenails.
You are partially covered in slimy green scales. (AC +2)
A weak demonic guardian rushes to your aid.


Message History

You feel sick.
The adder bites you but does no damage. x2
Your plate armour prevents you from hitting the adder.
Your kick misses the adder.
The adder is severely wounded.
* * * LOW HITPOINT WARNING * * *
You feel sick. The adder bites you.
* * * LOW HITPOINT WARNING * * *
You are more poisoned.
The adder poisons you!
You miss the adder. Your kick misses the adder.
The adder is severely wounded.
* * * LOW HITPOINT WARNING * * *
You feel sick. The adder barely misses you.
The adder bites you but does no damage.
You hit the adder.
The adder is almost dead.
* * * LOW HITPOINT WARNING * * *
You feel sick. The adder bites you but does no damage. The adder bites you.
You die...
Kikubaaqudgha rasps: "You have failed me!
Welcome... death!"

###################
........boS@.......
###....###########
+....<# #.....#
#.[...# #.....#
.#####.....####
...............
##########....# #


You could see an adder, an orc and a bat.

Vanquished Creatures
  3 adders
  3 worms (D:2)
  2 dart slugs
  A leopard gecko (D:1)
  4 orcs (D:3)
  A ball python (D:2)
  3 giant cockroaches
  4 goblins
  2 hobgoblins (D:1)
  15 bats
  A frilled lizard (D:2)
  4 kobolds
  8 rats
51 creatures vanquished.

Vanquished Creatures (collateral kills)
  A dart slug (D:2)
  A giant cockroach (D:2)
  A hobgoblin (D:2)
  A kobold (D:1)
  2 bats
  A frilled lizard (D:1)
  A rat (D:2)
8 creatures vanquished.

Vanquished Creatures (others)
  A human (D:2)
1 creature vanquished.

Grand Total: 60 creatures vanquished

Notes
Turn   | Place    | Note
-------+----------+-------------------------------------------
     0 | D:1      | turnburgler the Demonspawn Wanderer began the quest for the Orb.
     0 | D:1      | turnburgler set off with: a book of Geomancy, the Collected Works on Transformation, a potion of lignification, a +0 robe, a +0 dagger, a bread ration
     0 | D:1      | Reached XP level 1. HP: 15/15 MP: 3/3
     2 | D:1      | Learned a level 1 spell: Sandblast
     8 | D:1      | Noticed a crocodile
     8 | D:1      | Noticed a four-headed hydra
     8 | D:1      | Noticed a water moccasin
   692 | D:1      | Gained mutation: You have sharp toenails. [demonic ancestry]
   692 | D:1      | Reached XP level 2. HP: 20/21 MP: 5/5
   849 | D:1      | Learned a level 2 spell: Sticks to Snakes
   997 | D:1      | Reached skill level 1 in Dodging
  1683 | D:2      | Gained mutation: You are partially covered in slimy green scales. (AC +2) [demonic ancestry]
  1683 | D:2      | Reached XP level 3. HP: 25/27 MP: 6/6
  2412 | D:2      | Reached skill level 1 in Short Blades
  3223 | D:2      | Found a white marble altar of Elyvilon.
  3310 | D:2      | Found an ancient bone altar of Kikubaaqudgha.
  3310 | D:2      | Noticed a human
  3313 | D:2      | Killed a human
  3315 | D:2      | Became a worshipper of Kikubaaqudgha
  3409 | D:2      | Gained mutation: A weak demonic guardian rushes to your aid. [demonic ancestry]
  3409 | D:2      | Reached XP level 4. HP: 33/33 MP: 7/7
  3419 | D:2      | Found a glowing golden altar of the Shining One.
  3554 | D:2      | Found a faded altar of an unknown god.
  4309 | D:3      | HP: 1/33 [poisoned by an adder]
  4309 | D:3      | Slain by an adder

Skill      XL: |  1  2  3  4 |
---------------+-------------+-----
Dodging        | 1 2 |  2.0
Short Blades   | 1 |  1.5
Fighting       | 2 |  2.0
Throwing       | |  1.0
Armour         | |  0.1
Shields        | |  1.0
Unarmed Combat | |  1.7
Spellcasting   | |  2.6
Necromancy     | |  1.1
Transmutations | |  1.7

Action                   |  1- 3 |  4- 6 || total
-------------------------+-------+-------++-------
Melee: Short sword       |   181 |    64 ||   245
       Dagger            |     6 |       ||     6
       Kick              |    34 |    26 ||    60
       Hand axe          |       |    28 ||    28
 Cast: Sandblast         |     2 |       ||     2
       Sticks to Snakes  |     9 |       ||     9
  Use: Potion            |     2 |     1 ||     3
       Scroll            |       |     8 ||     8
  Eat: Chunk             |     9 |     1 ||    10
Armor: Ring mail         |    34 |       ||    34
       Robe              |     6 |       ||     6
       Plate armour      |   105 |    95 ||   200
       Skin              |     2 |     6 ||     8
Dodge: Dodged            |    65 |    16 ||    81
